 Dungeon Crawl Stone Soup version 0.28.0-45-g0d030f2227 (webtiles) character file.

Game seed: 3579745089447531150

96 NinjaNoafa the Ruffian (level 4, -4/36 HPs)
             Began as a Draconian Transmuter on Apr 16, 2022.
             Was an Initiate of Fedhas.
             Succumbed to a water moccasin's poison
             ... in a sewer.
             The game lasted 00:06:36 (2444 turns).

NinjaNoafa the Ruffian (Draconian Transmuter)       Turns: 2444, Time: 00:06:37

Health: -4/36      AC:  5    Str: 12 (13) XL:     4   Next: 41%
Magic:  6/7        EV: 12    Int: 14 (15) God:    Fedhas [......]
Gold:   46         SH:  0    Dex: 10 (11) Spells: 7/8 levels left

rFire   . . .      SeeInvis .   f - +0 hand axe
rCold   . . .      Faith    .   (no shield)
rNeg    . . .      Spirit   .   (armour unavailable)
rPois   .          Reflect  .   (helmet currently unavailable)
rElec   .          Harm     .   (no cloak)
rCorr   .          Rampage  .   (no gloves)
Will    .....                   (boots currently unavailable)
Stlth   +.........              (no amulet)
HPRegen 0.12/turn               (no ring)
MPRegen 0.10/turn               (no ring)

@: lethally poisoned (-4 -> -29), appendages, very slow
A: horns 2, talons 2, AC +5, unfitting armour, cold-blooded
a: End Transformation, Renounce Religion


You were in a sewer.
You worshipped Fedhas.
Fedhas was noncommittal.
You had temporarily grown beastly horns and talons.
You visited 1 branch of the dungeon, and saw 3 of its levels.
You also visited: Sewer.

You collected 46 gold pieces.

Inventory:

Hand Weapons
 b - a +0 dagger
 f - a +0 hand axe (weapon)
Missiles
 e - 25 stones
Wands
 h - a wand of polymorph (8)
Scrolls
 d - a scroll of enchant armour


   Skills:
 + Level 2.0 Fighting
 + Level 2.2 Dodging
 + Level 3.4 Unarmed Combat
 + Level 2.5 Spellcasting
 + Level 0.1 Conjurations
 * Level 2.7 Transmutations
 + Level 1.3 Poison Magic


You had 7 spell levels left.
You knew the following spells:

 Your Spells              Type           Power      Damage    Failure   Level
a - Beastly Appendage     Tmut           18%        N/A       8%          1

Your spell library contained the following spells:

 Spells                   Type           Power      Damage    Failure   Level
 Wereblood                Tmut           9%         N/A       11%         2
 Magic Dart               Conj           8%         1d3       22%         1
 Spider Form              Tmut/Pois      7%         N/A       28%         3
 Call Imp                 Summ           1%         N/A       34%         2
 Mephitic Cloud           Conj/Pois/Air  3%         N/A       50%         3
 Ice Form                 Ice/Tmut       5%         N/A       78%         4


Dungeon Overview and Level Annotations

Branches:
Dungeon (3/15)              Sewer (1/1)

Altars:
Fedhas


Innate Abilities, Weirdness & Mutations

You have temporarily grown beastly horns and talons.
Your plain brown scales are hard. (AC +5)
You cannot fit into any form of body armour.
You are cold-blooded and may be slowed by cold attacks.


Message History

The water moccasin is moderately wounded.
The water moccasin bites you.
You are poisoned.
The water moccasin poisons you! The water moccasin closely misses you.
You closely miss the water moccasin. You headbutt the water moccasin!
Your tail-slap misses the water moccasin.
The water moccasin is severely wounded.
You feel very sick. The water moccasin bites you.
The water moccasin bites you but does no damage.
You closely miss the water moccasin. Your kick misses the water moccasin.
The water moccasin is severely wounded.
You feel very sick. The water moccasin bites you.
You are lethally poisoned!
The water moccasin poisons you! The water moccasin closely misses you.
Okay, then.
You feel very sick.
You hit the water moccasin but do no damage.
The water moccasin is severely wounded.
* * * LOW HITPOINT WARNING * * *
You feel very sick. The water moccasin closely misses you.
The water moccasin misses you.
You enter the shallow water.
Moving in this stuff is going to be slow.
* * * LOW HITPOINT WARNING * * *
You feel very sick. The water moccasin barely misses you.
Your horns disappear.
Your talons disappear.
* * * LOW HITPOINT WARNING * * *
You feel very sick. The water moccasin misses you.
The water moccasin bites you.
* * * LOW HITPOINT WARNING * * *
You are more poisoned.
The water moccasin poisons you!
Casting: Beastly Appendage (safe; 8% risk of failure)
Confirm with . or Enter, or press ? or * to list all spells.
You grow a pair of large bovine horns.
Your feet morph into talons.
You die...
Fedhas appreciates your contribution to the ecosystem.

≈#.# #.≈≈
##...##
#.≈..≈#
#..≈..##
#≈..#
##..##
#≈S.#
##@.# #.
#..# #..
#..# #≈≈#
##.≈# #...
#.≈.#
#.≈###..##
#.≈.#≈≈.#
#.≈.≈≈##
#.....#


You could see a water moccasin.

Vanquished Creatures
  A gnoll (D:1)
  2 worms
  2 dart slugs (D:2)
  7 ball pythons
  5 endoplasms
  9 goblins
  14 hobgoblins
  7 jackals
  A quokka (D:1)
  2 bats
  3 frilled lizards
  8 kobolds
  6 rats
67 creatures vanquished.

Notes
Turn   | Place    | Note
-------+----------+-------------------------------------------
     0 | D:1      | NinjaNoafa the Draconian Transmuter began the quest for the
                  | Orb.
     0 | D:1      | Reached XP level 1. HP: 16/16 MP: 3/3
    44 | D:1      | Reached XP level 2. HP: 14/23 MP: 5/5
   478 | D:1      | Found a faded altar of an unknown god.
   604 | D:1      | Reached XP level 3. HP: 29/29 MP: 4/6
   772 | D:1      | Reached skill level 1 in Poison Magic
  1656 | D:2      | Reached XP level 4. HP: 34/36 MP: 5/7
  2032 | D:2      | Found a blossoming altar of Fedhas.
  2045 | D:2      | Became a worshipper of Fedhas Madash
  2188 | D:3      | Found a glowing drain.
  2208 | Sewer    | Entered a sewer
  2429 | Sewer    | Noticed a water moccasin
  2444 | Sewer    | Succumbed to a water moccasin's poison

Illustrated notes

Levels and vault maps discovered:
D:1:      dpeg_arrival_stonehenge_12_columns, layout_loops_ring,
          nicolae_ecumenical_lake_church
D:2:      layout_rooms, basic_altar
D:3:      layout_loops_cross, cheibrodos_sewer_entry_drain,
          ebering_ghost_sewer_f, serial_park_tiny_pond, bh_walls_and_bars,
          uniq_ijyb
Sewer:    sewer_the_moccasin

Skill      XL: |  1  2  3  4 |
---------------+-------------+-----
Dodging        | 2 |  2.2
Poison Magic   | 1 |  1.3
Fighting       | 2 |  2.0
Unarmed Combat | |  3.4
Spellcasting   | |  2.5
Conjurations   | |  0.1
Transmutations | |  2.7

Action                   |  1- 3 |  4- 6 || total
-------------------------+-------+-------++-------
Melee: Unarmed           |    18 |       ||    18
       Kick              |    16 |    12 ||    28
       Headbutt          |    13 |     5 ||    18
       Tailslap          |     6 |     7 ||    13
       Dagger            |    44 |       ||    44
       Hand axe          |    40 |    59 ||    99
       Punch             |     1 |     1 ||     2
 Cast: Beastly Appendage |    29 |    10 ||    39
  Use: Scroll            |       |     2 ||     2
       Potion            |       |     2 ||     2
 Stab: Sleeping          |     3 |     1 ||     4
Armor: Skin              |    40 |    24 ||    64
Dodge: Dodged            |    73 |    55 ||   128
